 Dungeon Crawl Stone Soup version 0.26-a0-771-g060e6a62af (webtiles) character file.

Game seed: 13641924063684305145

94 Queen the Grave Robber (level 4, -4/30 HPs)
             Began as a Demonspawn Necromancer on Nov 7, 2020.
             Slain by an orc warrior
             ... wielding a +0 battleaxe
              (27 damage)
             ... on level 2 of the Dungeon on Nov 8, 2020.
             The game lasted 00:07:48 (2501 turns).

Queen the Grave Robber (Demonspawn Necromancer)     Turns: 2501, Time: 00:07:49

Health: -4/30      AC:  5    Str:  8    XL:     4   Next: 38%
Magic:  3/7        EV: 16    Int: 17    God:
Gold:   118        SH:  0    Dex: 14    Spells: 2/7 levels left

rFire    . . .     SeeInvis .   a - +0 spear
rCold    . . .     Faith    .   (no shield)
rNeg     + . .     Spirit   .   m - +0 robe
rPois    .         Reflect  .   (no helmet)
rElec    .         Harm     .   (no cloak)
rCorr    .         Rampage  .   l - +0 pair of gloves
MR       .....                  (no boots)
Stlth    ++........             d - amulet of regeneration
HPRegen  0.50/turn              e - +4 ring of evasion
MPRegen  0.10/turn              h - ring of positive energy

@: no status effects
A: hooves 1, molten scales 1, powered by pain 1
a: no special abilities


You were on level 2 of the Dungeon.
You visited 1 branch of the dungeon, and saw 3 of its levels.

You collected 118 gold pieces.

Inventory:

Hand Weapons
 a - a +0 spear (weapon)
Missiles
 o - 9 poisoned darts (quivered)
Armour
 l - a +0 pair of gloves (worn)
 m - a +0 robe (worn)
Jewellery
 d - an amulet of regeneration (around neck)
 e - a +4 ring of evasion (left hand)
 h - a ring of positive energy (right hand)
 r - an uncursed ring of resist corrosion {unknown}
Scrolls
 f - a scroll of remove curse
 k - a scroll of teleportation
 n - a scroll of immolation
 s - a scroll of enchant armour
Potions
 b - 3 potions of flight {unknown}
 c - a potion of ambrosia {unknown}
 g - 2 potions of heal wounds {unknown}
 j - a potion of curing {unknown}
 q - a potion of degeneration {unknown}


   Skills:
 - Level 1.7 Dodging
 - Level 1.7 Stealth
 - Level 2.0 Spellcasting
 + Level 6.5 Necromancy


You had 2 spell levels left.
You knew the following spells:

 Your Spells              Type           Power        Failure   Level
a - Pain                  Necr           ###.         1%          1
b - Animate Skeleton      Necr           ###...       1%          1
c - Vampiric Draining     Necr           ###.......   4%          3

Your spell library contained the following spells:

 Spells                   Type           Power        Failure   Level
 Animate Dead             Necr           ###.......   13%         4
 Agony                    Necr           ###.....     36%         5


Dungeon Overview and Level Annotations

Branches:
Dungeon (3/15)

Altars:


Innate Abilities, Weirdness & Mutations

You have large cloven feet.
You are partially covered in molten scales. (AC +2)
You sometimes gain a little power by taking damage.


Message History

The orc warrior is moderately wounded.
The orc warrior hits you with a +0 battleaxe!
* * * LOW HITPOINT WARNING * * *
Attack whom?
Press: ? - help, Dir - move target cursor, f/p - orc warrior
Aim: an orc warrior, wielding a +0 battleaxe and wearing a +0 chain mail (moderately wounded)
You reach to attack!
You closely miss the orc warrior.
The orc warrior is moderately wounded.
The orc warrior misses you.
Casting: Vampiric Draining (dangerous; 4% risk of failure)
Confirm with . or Enter, or press ? or * to list all spells.
Aiming: Vampiric Draining (dangerous; 4% risk of failure)
Press: ? - help, Shift-Dir - straight line, f/p - orc warrior
Aim: an orc warrior, wielding a +0 battleaxe and wearing a +0 chain mail (moderately wounded)
The orc warrior is heavily wounded.
You feel life coursing into your body.
You feel a little less mighty now.
The orc warrior hits you with a +0 battleaxe!!
Ouch! That really hurt!
You die...

..............#..#..#............
..........#...##.#...............
....###..##...##.#..###.########.
.........###.###.##.#...#........
...#########.###.##.....#.###..##
.#.#...........#.##.....#........
...#.##........#.###..#.#....#...
.#..<#.........#.# #..#..).......
.#.#.#.........#@###........<....
...#.#.##'##.#.#.o.....##########
##.#.#.##(##.#.#....#............
##.#.#.##<##.#.#....#...#########
...#.#.#####.#.#....#....#
####.#.........#....#....#
#.#####....#######....##### #.#
#....# ##.#......# #.# #.†..#
#P#..#..###.##


You could see an orc warrior.

Vanquished Creatures
  An orc wizard (D:3)
  2 worms (D:2)
  A leopard gecko (D:1)
  2 orcs (D:3)
  5 bats
  17 giant cockroaches
  4 goblins
  3 hobgoblins
  3 quokkas
  A ball python (D:1)
  A frilled lizard (D:1)
  2 kobolds
  7 rats
49 creatures vanquished.

Notes
Turn   | Place    | Note
-------+----------+-------------------------------------------
     0 | D:1      | Queen the Demonspawn Necromancer began the quest for the
                  | Orb.
     0 | D:1      | Reached XP level 1. HP: 13/13 MP: 3/3
   267 | D:1      | Gained mutation: You sometimes gain a little power by
                  | taking damage. [demonic ancestry]
   267 | D:1      | Reached XP level 2. HP: 19/19 MP: 3/5
   295 | D:1      | Reached skill level 5 in Necromancy
  1408 | D:2      | Gained mutation: You have large cloven feet. [demonic
                  | ancestry]
  1408 | D:2      | Reached XP level 3. HP: 24/24 MP: 3/6
  1684 | D:2      | Learned a level 1 spell: Animate Skeleton
  1688 | D:2      | Learned a level 3 spell: Vampiric Draining
  2295 | D:2      | Reached skill level 6 in Necromancy
  2425 | D:3      | Noticed an orc warrior
  2441 | D:3      | Gained mutation: You are partially covered in molten
                  | scales. (AC +2) [demonic ancestry]
  2441 | D:3      | Reached XP level 4. HP: 24/30 MP: 0/7
  2501 | D:2      | Slain by an orc warrior

Illustrated notes

Levels and vault maps discovered:
D:1:      dpeg_arrival_pond, layout_basic, minmay_pentomino_o4
D:2:      minmay_roachtagon, layout_basic, serial_aquarium,
          aquarium_bridge_island_small [aquarium_subvault_small_water,
          aquarium_subvault_bridge, aquarium_subvault_window,
          aquarium_subvault_wall, aquarium_subvault_bridge],
          aquarium_bridge_square [aquarium_subvault_wall,
          aquarium_subvault_wall, aquarium_subvault_bridge,
          aquarium_subvault_window], aquarium_window_1, aquarium_window_3,
          aquarium_window_fake, aquarium_window_1, aquarium_view_2e,
          aquarium_view_2b, aquarium_pool_2
D:3:      layout_basic, chequers_temple_overflow_statue_of_worship,
          overflow_temple_1_default, gup_sewer_entry_glass, serial_forest,
          infiniplex_forest_end_1, infiniplex_forest_straight_5,
          infiniplex_forest_lined_2

Skill      XL: |  1  2  3 |
---------------+----------+-----
Necromancy     | 5 6 |  6.5
Dodging        | |  1.7
Stealth        | |  1.7
Spellcasting   | |  2.0

Action                   |  1- 3 |  4- 6 || total
-------------------------+-------+-------++-------
Melee: Unarmed           |     7 |       ||     7
       Spear             |    40 |     4 ||    44
       Kick              |     8 |     2 ||    10
 Cast: Pain              |    82 |     1 ||    83
       Vampiric Draining |     3 |     3 ||     6
       Animate Skeleton  |     1 |       ||     1
  Use: Scroll            |     5 |       ||     5
Armor: Robe              |    10 |     4 ||    14
Dodge: Dodged            |    42 |    20 ||    62

Table legend: (Time is in decaauts)
 A = Elapsed time spent in this place.
 B = Non-inter-level travel time spent in this place.
 C = Inter-level travel time spent in this place.
 D = Time resting spent in this place.
 E = Time spent auto-exploring this place.
 F = Levels seen in this place.
 G = Mean time per level.
                   A        B        C        D        E       F      G
               +--------+--------+--------+--------+--------+-----+--------+
         Total |   2515 |   2363 |    152 |    399 |   1477 |   3 |  838.3 |
       Dungeon |   2515 |   2363 |    152 |    399 |   1477 |   3 |  838.3 |
               +--------+--------+--------+--------+--------+-----+--------+

Top non-repeatable levels by time:
     D:2: 1236 daAuts
     D:1: 1171 daAuts
     D:3: 107 daAuts
